 Dungeon Crawl Stone Soup version 0.28.0 (webtiles) character file.

Game seed: 2955130586763304979

2771 zeram the Covert (level 9, -4/56 HPs)
             Began as an Octopode Fighter on Feb 9, 2022.
             Was an Initiate of Gozag.
             Slain by a hornet (6 damage)
             ... while paralysed by a hornet
             ... on level 7 of the Dungeon.
             The game lasted 00:13:07 (8010 turns).

zeram the Covert (Octopode Fighter)                 Turns: 8010, Time: 00:13:08

Health: -4/56      AC:  1    Str: 21    XL:     9   Next: 69%
Magic:  9/9        EV:  2    Int: 14    God:    Gozag
Gold:   194        SH:  0    Dex: 12    Spells: 5/8 levels left

rFire   . . .      SeeInvis +   h - +8 flail "Losiriot" {vorpal, Drain rCorr SInv Stlth+}
rCold   . . .      Faith    .   s - +0 kite shield {rN+}
rNeg    + + .      Spirit   .   (helmet restricted)
rPois   .          Reflect  .   (no amulet)
rElec   .          Harm     .   d - ring of positive energy
rCorr   +          Rampage  .   x - +6 ring of strength
Will    .....                   (no ring)
Stlth   +++++++...              (no ring)
HPRegen 0.18/turn               (no ring)
MPRegen 0.11/turn               (no ring)
                                (no ring)
                                (no ring)

@: paralysed, lethally poisoned (-4 -> -12), slowed
A: almost no armour, amphibious, 8 rings, camouflage 1, gelatinous body 1,
(nimble swimmer 1), tentacles
a: Renounce Religion, Potion Petition, Call Merchant, Bribe Branch


You were on level 7 of the Dungeon.
You worshipped Gozag.
Gozag was aware of your devotion.
You visited 2 branches of the dungeon, and saw 9 of its levels.
You also visited: Ossuary.

You collected 524 gold pieces.
You spent 258 gold pieces at shops.
You paid 72 gold pieces to Gozag.

Inventory:

Hand Weapons
 a - a +0 rapier
 g - a +3 dagger
 h - the +8 flail "Losiriot" (weapon) {vorpal, Drain rCorr SInv Stlth+}
   (You found it on level 5 of the Dungeon)

   It inflicts extra damage upon your enemies.
   SInv:      It lets you see invisible.
   rCorr:     It protects you from acid and corrosion.
   Drain:     It drains your maximum health when unequipped.
   Stlth:     It makes you more stealthy.
Missiles
 m - 12 poisoned darts (quivered)
Armour
 b - a +0 buckler
 s - a +0 kite shield of positive energy (worn)
Jewellery
 d - a ring of positive energy (left tentacle)
 x - a +6 ring of strength (right tentacle)
 B - the ring of Oenomania {Fire rN+}
   (You found it on level 7 of the Dungeon)

   [ring of fire]

   It enhances your fire magic.
   rF:        It protects you from fire.
   rC:        It makes you vulnerable to cold.
   rN:        It protects you from negative energy.
Wands
 i - a wand of iceblast (12)
 u - a wand of polymorph (7)
Scrolls
 l - 4 scrolls of teleportation
 v - 2 scrolls of magic mapping
 w - a scroll of enchant armour {unknown}
 z - 2 scrolls of holy word
 A - a scroll of enchant weapon {unknown}
Potions
 c - 2 potions of might
 f - 5 potions of curing
 j - 2 potions of flight
 n - a potion of haste
 o - a potion of lignification
 p - 9 potions of degeneration
 q - 3 potions of resistance
 r - 2 potions of brilliance
 t - 2 potions of magic


   Skills:
 - Level 3.0 Fighting
 - Level 5.3 Short Blades
 + Level 5.7 Maces & Flails
 + Level 5.3 Dodging
 + Level 11.2 Stealth
 * Level 5.7 Shields


You had 5 spell levels left.
You knew the following spells:

 Your Spells              Type           Power      Damage    Failure   Level
a - Ozocubu's Armour      Ice            0%         N/A       93%         3

Your spell library contained the following spells:

 Spells                   Type           Power      Damage    Failure   Level
 Ozocubu's Refrigeration  Ice            0%         4d5       100%        7


Dungeon Overview and Level Annotations

Branches:
Dungeon (8/15)             Temple (1/1) D:6         Ossuary (visited)
   Lair: D:8-11

Altars:
Ashenzari
Cheibriados
Dithmenos
Elyvilon
Fedhas
Gozag
Hepliaklqana
Kikubaaqudgha
Makhleb
Nemelex Xobeh
Okawaru
Ru
Sif Muna
Trog
Vehumet
Wu Jian
Xom
Zin
The Shining One

Shops:
D:4 :   D:6 *


Innate Abilities, Weirdness & Mutations

You cannot wear most types of armour.
You are amphibious.
You can wear up to eight rings at the same time.
Your skin changes colour to match your surroundings (Stealth+).
Your rubbery body absorbs attacks. (AC +1, EV +1)
((You are camouflaged when in or above water. (Stealth+)))
You have tentacles for arms and can constrict up to eight enemies at once.


Message History

You sock the hornet! Your grab misses the hornet.
You squeeze the hornet, but do no damage.
The hornet is moderately wounded.
You block the hornet's attack.
The gnoll hits you from afar with a +0 spear!
The hornet stings you!
You feel yourself slow down.
You are too injured to fight recklessly!
You are too injured to fight recklessly!
The hornet stings you!
* * * LOW HITPOINT WARNING * * *
You feel as though you will be slow longer.
The gnoll closely misses you. The hornet barely misses you.
You climb upwards.
There is a stone staircase leading down here.
You feel much better.
You feel yourself speed up. You block the hornet's attack.
The hornet barely misses you.
You are confused.
You feel invigorated. The hornet stings you!
You feel yourself slow down. The hornet stings you!
* * * LOW HITPOINT WARNING * * *
You are poisoned.
You feel as though you will be slow longer.
You feel very sick. The hornet barely misses you.
You feel better.
You feel less invigorated. You block the hornet's attack.
The hornet closely misses you. The hornet stings you!
You feel as though you will be slow longer.
You hit the hornet but do no damage. Your grab misses the hornet.
Your squeeze misses the hornet.
The hornet is moderately wounded.
The hornet closely misses you. The hornet stings you!
* * * LOW HITPOINT WARNING * * *
You are lethally poisoned!
You suddenly lose the ability to move!
* * * LOW HITPOINT WARNING * * *
You feel very sick. The hornet stings you.
You die...
Your body crumbles into a pile of gold.

#.# #.##..###....... #.#
#.###........... #.#
######[####.......... #.#
#...........##....... #.#
###...)................ ##.#
#......................
######..###......$.....##...#....
..........#......>........#.#..##
................@y........#.#..##
......................##.##....).
......................##.##...#..
....................####.#..#.#..
####................##.....##....
#.#...........................
#........###.....#..##..###..#
##........# #.......####......#
#.........# #####.......###...#


You could see a hornet.

Vanquished Creatures
  A hornet (D:7)
  Sigmund (D:3)
  An ice beast (D:6)
  2 orc warriors
  A sky beast (D:7)
  A centaur (D:7)
  4 ogres
  A phantom (D:7)
  2 bullfrogs
  A gnoll sergeant (D:5)
  2 scorpions
  2 water moccasin zombies (D:5)
  3 wights (D:8)
  4 centaur zombies
  2 hounds
  A bullfrog zombie (D:5)
  3 human zombies (Ossuary)
  3 jellies
  2 orc priests
  2 bullfrog skeletons
  2 centaur skeletons
  Jessica (D:3)
  2 iguanas
  4 orc wizards
  A hound skeleton (D:4)
  3 mummies (Ossuary)
  8 gnolls
  A howler monkey skeleton (D:7)
  4 adders
  2 white imps
  An ufetubus (D:5)
  2 adder skeletons
  3 worms (D:2)
  A dart slug (D:1)
  11 orcs
  6 ball pythons
  6 bats
  An endoplasm (D:2)
  10 giant cockroaches
  A goblin (D:4)
  A hobgoblin (D:2)
  2 jackals (D:1)
  2 quokkas
  A frilled lizard (D:3)
  A gnoll zombie (Ossuary)
  A hobgoblin zombie (Ossuary)
  5 kobolds
  A kobold zombie (Ossuary)
  An orc zombie (Ossuary)
  2 rats
126 creatures vanquished.

Notes
Turn   | Place    | Note
-------+----------+-------------------------------------------
     0 | D:1      | zeram the Octopode Fighter began the quest for the Orb.
     0 | D:1      | Reached XP level 1. HP: 16/16 MP: 1/1
   235 | D:1      | Reached XP level 2. HP: 21/21 MP: 2/2
   299 | D:1      | Found a faded altar of an unknown god.
   872 | D:2      | Reached XP level 3. HP: 24/26 MP: 3/3
   966 | D:2      | Found a hazy altar of Hepliaklqana.
  1030 | D:2      | Reached skill level 1 in Stealth
  1455 | D:2      | Reached XP level 4. HP: 31/31 MP: 4/4
  1826 | D:3      | Noticed Jessica
  1829 | D:3      | Killed Jessica
  1830 | D:3      | Reached skill level 2 in Stealth
  1867 | D:3      | Found an iron altar of Okawaru.
  1889 | D:3      | Noticed Sigmund
  1899 | D:3      | Killed Sigmund
  1900 | D:3      | Reached skill level 4 in Stealth
  1900 | D:3      | Reached XP level 5. HP: 22/36 MP: 5/5
  1900 | D:3      | Reached XP level 6. HP: 26/42 MP: 6/6
  1905 | D:3      | Learned a level 3 spell: Ozocubu's Armour
  2484 | D:4      | Found Acatz's Book Shop.
  2765 | D:4      | Reached skill level 5 in Stealth
  2766 | D:4      | Found an ancient bone altar of Kikubaaqudgha.
  3014 | D:4      | Found a sparkling altar of Nemelex Xobeh.
  3044 | D:4      | Found an ornate altar of the Wu Jian Council.
  3156 | D:5      | Entered Level 5 of the Dungeon
  3208 | D:5      | Reached XP level 7. HP: 34/46 MP: 7/7
  3313 | D:5      | Found a sacrificial altar of Ru.
  3577 | D:5      | Found a sand-covered staircase.
  3585 | Ossuary  | Entered an ossuary
  3643 | Ossuary  | Reached skill level 6 in Stealth
  3651 | Ossuary  | Reached skill level 5 in Short Blades
  3963 | D:5      | Reached skill level 7 in Stealth
  4187 | D:5      | Reached XP level 8. HP: 52/52 MP: 8/8
  4577 | D:5      | Identified the +8 flail "Losiriot" {vorpal, Drain rCorr
                  | SInv Stlth+}
  4774 | D:5      | Reached skill level 8 in Stealth
  5228 | D:6      | Reached skill level 1 in Maces & Flails
  5264 | D:6      | Reached skill level 9 in Stealth
  5496 | D:6      | Found a staircase to the Ecumenical Temple.
  5512 | Temple   | Entered the Ecumenical Temple
  5605 | Temple   | Became a worshipper of Gozag Ym Sagoz the Greedy
  6102 | D:6      | Reached skill level 5 in Dodging
  6190 | D:6      | Noticed an angel
  6192 | D:6      | Found Zomukag's Hallowed Reliquary.
  6198 | D:6      | Bought a scroll of holy word for 82 gold pieces
  6198 | D:6      | Bought a potion of heal wounds for 55 gold pieces
  6198 | D:6      | Bought a potion of heal wounds for 55 gold pieces
  6433 | D:7      | Reached skill level 10 in Stealth
  6433 | D:7      | Reached skill level 5 in Shields
  6433 | D:7      | Reached XP level 9. HP: 56/56 MP: 9/9
  6818 | D:6      | Bought 2 potions of curing for 66 gold pieces
  6924 | D:7      | Identified the ring of Oenomania {Fire rN+}
  6976 | D:7      | Noticed a hornet
  6992 | D:7      | Killed a hornet
  7105 | D:7      | Reached skill level 5 in Maces & Flails
  7416 | D:8      | Reached skill level 11 in Stealth
  7708 | D:8      | Noticed a hornet
  8009 | D:7      | Paralysed by a hornet for 3 turns
  8010 | D:7      | HP: 2/56 [poisoned by a hornet]
  8010 | D:7      | Slain by a hornet

Illustrated notes

Levels and vault maps discovered:
D:1:      dpeg_arrival_more_subterranean_lakeside_camping, layout_loops_ring,
          ebering_ecumenical_altar_mist
D:2:      minmay_roachtagon, layout_loops_ring, basic_altar, st_stairs_13
D:3:      layout_loops_ring, nicolae_overflow_hidden_temple,
          mainiacjoe_overflow_small_starburst, uniq_sigmund, uniq_jessica
D:4:      layout_cave_pools, mainiacjoe_overflow_big_doors,
          kiku_gazebo_garden_becter, serial_shops, nicolae_shop_statue_plus
D:5:      layout_loops_ring, nicolae_ru_sacrificial_ziggurat,
          chequers_ossuary_entry_cave, serial_park_tiny_1, grunt_decor_cap
D:6:      layout_basic, minmay_temple_entry_grid, nicolae_good_shop
D:7:      layout_rooms
D:8:      layout_basic, serial_glass, glass_columns_b, glass_columns_a
Temple:   nicolae_temple_great_sept

Skill      XL: |  1  2  3  4  5  6  7  8  9 |
---------------+----------------------------+-----
Stealth        | 1 4 5 7 10 11 | 11.2
Short Blades   | 4 5 |  5.3
Dodging        | 4 5 |  5.3
Shields        | 4 5 |  5.7
Maces & Flails | 3 5 |  5.7
Fighting       | |  3.0

Action                   |  1- 3 |  4- 6 |  7- 9 || total
-------------------------+-------+-------+-------++-------
Melee: Rapier            |    25 |       |       ||    25
       Constrict         |    21 |     6 |    27 ||    54
       Tentacles         |    14 |     8 |    32 ||    54
       Dagger            |    40 |    51 |    43 ||   134
       Punch             |     2 |       |     1 ||     3
       Flail             |       |       |   110 ||   110
Throw: Dart              |       |       |     5 ||     5
       Throwing net      |       |       |     1 ||     1
Evoke: Wand              |       |       |     1 ||     1
  Use: Scroll            |     3 |     5 |     7 ||    15
       Potion            |       |       |    10 ||    10
 Stab: Sleeping          |     5 |    10 |    34 ||    49
       Distracted        |       |       |     1 ||     1
Armor: Skin              |     7 |     2 |     8 ||    17
Dodge: Dodged            |    33 |    21 |    73 ||   127
Block: Buckler           |    12 |     7 |    10 ||    29
       Kite shield       |       |       |    57 ||    57
